 Dungeon Crawl Stone Soup version 0.28.0 (webtiles) character file.

Game seed: 2751250099609330175

340967 GrayStillPlays the Severer (level 22, -32/181 (200) HPs)
             Began as a Hill Orc Fighter on Feb 9, 2022.
             Was a Believer of Uskayaw.
             Killed from afar by Margery (60 damage)
             ... with a bolt of fire
             ... on level 2 of the Crypt.
             The game lasted 04:27:50 (66324 turns).

GrayStillPlays the Severer (Hill Orc Fighter)      Turns: 66324, Time: 04:27:51

HP:   -32/181 (200) AC: 28    Str: 26      XL:     22   Next: 33%
MP:   38/38         EV: 11    Int: 10      God:    Uskayaw [**....]
Gold: 2759          SH: 22    Dex:  9 (10) Spells: 31/45 levels left

rFire   . . .      SeeInvis +   v - +10 hand axe "Ikeug" {speed, Fly rPois rC+, axe}
rCold   + + +      Faith    .   m - +4 tower shield {rC+}
rNeg    + . .      Spirit   .   y - +6 chain mail of the Hills {rF- Will++ Slay+6}
rPois   +          Reflect  .   l - +0 mask of the Dragon {Will+ Slay+3 SInv}
rElec   .          Harm     .   P - +2 cloak {rPois}
rCorr   +          Rampage  .   e - +2 pair of gloves
Will    ++++.                   (no boots)
Stlth   ..........              Y - amulet "Ziempao" {RegenMP rF+ rC+ rCorr}
HPRegen 0.40/turn               a - ring of positive energy
MPRegen 0.66/turn               k - +4 ring of slaying

@: flying, studying 2 skills, drained
A: dopey 1
}: 1/15 runes: serpentine
a: Renounce Religion, Stomp, Line Pass


You were on level 2 of the Crypt.
You worshipped Uskayaw.
Uskayaw was most pleased with you.
You visited 9 branches of the dungeon, and saw 43 of its levels.
You also visited: Sewer.

You collected 5902 gold pieces.
You spent 3143 gold pieces at shops.


Innate Abilities, Weirdness & Mutations

You are dopey. (Int -2)


   Skills:
 - Level 17.4 Fighting
 - Level 18.0 Axes
 - Level 3.5 Throwing
 - Level 17.8 Armour
 - Level 12.2 Dodging
 - Level 17.2 Shields
 + Level 12.4 Spellcasting
 + Level 10.6 Hexes
 + Level 8.9 Fire Magic
 - Level 8.9 Earth Magic
 - Level 16.4 Invocations
 - Level 6.1 Evocations


You had 31 spell levels left.
You knew the following spells:

 Your Spells              Type           Power      Damage    Failure   Level
a - Swiftness             Air            6%         N/A       97%         3
b - Blink                 Tloc           12%        N/A       83%         2
c - Leda's Liquefaction   Hex/Erth       12%        N/A       19%         4
d - Fireball              Conj/Fire      7%         3d5       99%         5

Your spell library contained the following spells:

 Spells                   Type           Power      Damage    Failure   Level
 Slow                     Hex            100%       N/A       1%          1
 Confusing Touch          Hex            27%        N/A       3%          3
 Portal Projectile        Hex/Tloc       32%        N/A       34%         3
 Summon Guardian Golem    Hex/Summ       16%        N/A       34%         3
 Stone Arrow              Conj/Erth      30%        3d8       43%         3
 Lee's Rapid Deconstruct  Erth           12%        3d9*      58%         5
 Apportation              Tloc           12%        N/A       71%         1
 Shock                    Conj/Air       24%        1d4       71%         1
 Fulminant Prism          Conj/Hex       8%         3d7       75%         4
 Corpse Rot               Necr/Air       12%        N/A       83%         2
 Sublimation of Blood     Necr           6%         N/A       83%         2
 Animate Armour           Summ/Erth      30%        N/A       85%         4
 Petrify                  Tmut/Erth      15%        N/A       85%         4
 Call Canine Familiar     Summ           6%         N/A       97%         3
 Frozen Ramparts          Ice            12%        1d3       97%         3
 Gell's Gravitas          Tloc           6%         N/A       97%         3
 Teleport Other           Tloc           6%         N/A       97%         3
 Vampiric Draining        Necr           6%         2d6       97%         3
 Silence                  Hex/Air        8%         N/A       97%         5
 Airstrike                Air            3%         N/A       100%        4
 Animate Dead             Necr           3%         N/A       100%        4
 Dispel Undead            Necr           6%         3d8       100%        4
 Ice Form                 Ice/Tmut       6%         N/A       100%        4
 Iskenderun's Mystic Bla  Conj/Tloc      6%         2d4       100%        4
 Passage of Golubria      Tloc           6%         N/A       100%        4
 Summon Ice Beast         Ice/Summ       6%         N/A       100%        4
 Summon Lightning Spire   Summ/Air       6%         N/A       100%        4
 Alistair's Intoxication  Tmut/Pois      4%         N/A       100%        5
 Blade Hands              Tmut           3%         N/A       100%        5
 Irradiate                Conj/Tmut      3%         3d15      100%        5
 Manifold Assault         Tloc           6%         N/A       100%        5
 Death Channel            Necr           3%         N/A       100%        6
 Dispersal                Tloc           3%         N/A       100%        6
 Iron Shot                Conj/Erth      7%         9d2       100%        6
 Starburst                Conj/Fire      7%         6d4       100%        6
 Dragon Form              Tmut           3%         N/A       100%        7
 Haunt                    Necr/Summ      3%         N/A       100%        7
 Orb of Destruction       Conj           3%         9d5       100%        7
 Spellforged Servitor     Conj/Summ      3%         N/A       100%        7
 Storm Form               Tmut/Air       3%         N/A       100%        7
 Ignition                 Fire           12%        3d6       100%        8
 Infestation              Necr           3%         N/A       100%        8
 Lehudib's Crystal Spear  Conj/Erth      7%         10d3      100%        8
 Maxwell's Capacitive Co  Air            3%         โˆž       100%        8

Inventory:

Hand Weapons
 v - the +10 hand axe "Ikeug" (weapon) {speed, Fly rPois rC+, axe}
   (You found it on level 3 of the Vaults)

   Attacks with this weapon are significantly faster.
   rC:        It protects you from cold.
   rPois:     It protects you from poison.
   Fly:       It grants you flight.
 W - the +4 mace "Dragonbane" {freeze, Int+4, mace}
   (You found it on level 11 of the Dungeon)

   It freezes those it strikes, dealing additional cold damage.
   It can also slow down cold-blooded creatures.
   Int:       It affects your intelligence (+4).
Missiles
 x - 20 poisoned darts {throwing}
 E - 10 curare-tipped darts (quivered) {=fthrowing}
Armour
 e - a +2 pair of gloves (worn)
   (You found it on level 1 of the Dungeon)
 l - the +0 mask of the Dragon (worn) {Will+ Slay+3 SInv}
   (You acquired it on level 3 of the Snake Pit)

   Slay:      It affects your accuracy & damage with ranged weapons and melee
   (+3).
   SInv:      It lets you see invisible.
   Will:      It increases your willpower.
 m - a +4 tower shield of cold resistance (worn)
   (You took it off a naga warrior on level 3 of the Snake Pit)
 y - the +6 chain mail of the Hills (worn) {rF- Will++ Slay+6}
   (You bought it in a shop on level 2 of the Orcish Mines)

   Slay:      It affects your accuracy & damage with ranged weapons and melee
   (+6).
   rF:        It makes you vulnerable to fire.
   Will:      It greatly increases your willpower.
 P - a +2 cloak of poison resistance (worn)
   (You bought it in a shop on level 2 of the Orcish Mines)
Jewellery
 a - a ring of positive energy (left hand)
   (You found it on level 5 of the Lair of Beasts)
 g - a ring of willpower
   (You found it on level 1 of the Shoals)
 k - a +4 ring of slaying (right hand)
   (You found it on level 6 of the Dungeon)
 s - a +4 ring of protection
   (You found it on level 9 of the Dungeon)
 D - an amulet of regeneration {@e2}
   (You found it on level 2 of the Shoals)
 M - a ring of protection from fire
   (You found it on level 1 of the Shoals)
 T - an amulet of the acrobat
   (You found it on level 10 of the Dungeon)
 Y - the amulet "Ziempao" (around neck) {RegenMP rF+ rC+ rCorr}
   (You found it on level 3 of the Snake Pit)

   [amulet of magic regeneration]

   It increases your rate of magic regeneration.
   rF:        It protects you from fire.
   rC:        It protects you from cold.
   rCorr:     It protects you from acid and corrosion.
 Z - an amulet of faith {!P}
   (You took it off a vault warden on level 3 of the Vaults)
Wands
 c - a wand of paralysis (16)
   (You found it on level 3 of the Lair of Beasts)
 i - a wand of polymorph (27)
   (You found it on level 6 of the Dungeon)
 t - a wand of charming (9)
   (You found it on level 1 of the Shoals)
 u - a wand of digging (7)
   (You found it on level 3 of the Vaults)
 A - a wand of iceblast (9)
   (You found it on level 10 of the Dungeon)
 L - a wand of acid (16)
   (You found it on level 8 of the Dungeon)
 U - a wand of mindburst (18)
   (You found it on level 13 of the Dungeon)
Scrolls
 b - 4 scrolls of torment {!r}
 d - a scroll of enchant weapon
 h - a scroll of summoning
 n - 6 scrolls of immolation {!r!r}
 o - 4 scrolls of vulnerability {!r!r}
 z - 3 scrolls of identify {@r1}
 B - 2 scrolls of blinking {!r}
 C - 15 scrolls of teleportation {@r4}
 I - 4 scrolls of magic mapping {!r}
 J - 4 scrolls of fear
 O - 2 scrolls of fog
 R - 3 scrolls of holy word
 X - a scroll of silence {!r}
Potions
 f - 5 potions of flight
 j - a potion of haste {@q3}
 p - 2 potions of lignification {!q}
 q - 4 potions of resistance
 w - 14 potions of curing {@q1}
 F - 5 potions of mutation {!q}
 G - 2 potions of invisibility
 H - 3 potions of might
 K - 2 potions of berserk rage {!q}
 N - 8 potions of cancellation
 S - a potion of magic
 V - a potion of heal wounds {@q2}
Miscellaneous
 r - a lightning rod (4/4)
   (You found it on level 1 of the Snake Pit)
 Q - a box of beasts
   (You found it on level 1 of the Vaults)

Dungeon Overview and Level Annotations

Branches:
Dungeon (15/15)            Temple (1/1) D:7            Lair (6/6) D:11
 Shoals (4/4) Lair:2        Snake (4/4) Lair:3        Slime (5/5) Lair:6
    Orc (2/2) D:12            Elf (0/3) Orc:2        Vaults (4/5) D:13
  Crypt (2/3) Vaults:2     Depths (0/4) D:15          Sewer (visited)

Altars:
Ashenzari
Cheibriados
Dithmenos
Elyvilon
Fedhas
Gozag
Hepliaklqana
Kikubaaqudgha
Makhleb
Nemelex Xobeh
Okawaru
Qazlal
Ru
Sif Muna
Trog
Uskayaw
Vehumet
Wu Jian
Xom
Yredelemnul
Zin
The Shining One
Beogh

Shops:
D:4 :   D:9 [   Orc:2 (:*[   Shoals:1 *??   Shoals:3 *[:[   Snake:3 ::((
Snake:4 [(

Annotations:
Shoals:3 2 transporters, Lyfunof's ghost, adept DrFE
Slime:5 Royal Jelly
Crypt:2 Donald; Khufu; Margery

.. nM ..# .# #.# .####
#.# M...# #.# ....#
######.####### ...
.............#####M#
........@....ยง@ยง@M@#
.#.......###########
.#.....### .......#
...###.#### .. #....#
. #....# #....# #.####


You could see Khufu, Margery, Donald (fast) and a mummy.


Message History

You destroy the dire elephant skeleton! ๐Ÿ˜• HP[+1] ๐Ÿ˜• HP[+1] Uskayaw will no longer force your foes to share their pain. ๐Ÿ˜• HP[+1] Uskayaw will no longer force your foes to helplessly watch your dance. ๐Ÿ˜• HP[+1]
You can no longer pass through a line of other dancers. ๐Ÿ˜• HP[+1] ๐Ÿ˜• HP[+1]
A palentonga skeleton comes into view. ๐Ÿ˜• HP[+1]
A mummy comes into view.
You hit the palentonga skeleton. You slice the palentonga skeleton!!
The palentonga skeleton misses you.
You block the palentonga skeleton's attack.
You slice the palentonga skeleton!! ๐Ÿ˜• HP[+1]
You hit the palentonga skeleton but do no damage.
A mummy comes into view.
You hit the palentonga skeleton but do no damage.
A bog body comes into view.
You block the palentonga skeleton's attack. x2
You slash the palentonga skeleton!
You destroy the palentonga skeleton! ๐Ÿ˜• HP[+1] ๐Ÿ˜• HP[+1] ๐Ÿ˜• HP[+1]
The bog body points at you and mumbles some strange words.
The bolt of cold hits you but does no damage.
You hear a shout!
You barely miss the bog body. ๐Ÿ˜• HP[+1]
You barely miss the bog body.
The bog body points at you and mumbles some strange words.
The bolt of cold hits you. You resist. ๐Ÿ˜• HP[-6]
You take 6 damage, and now have 168/180 hp.
You slash the bog body!
The bog body points at you and mumbles some strange words.
The bolt of cold misses you.
You hear a shout!
You hit the bog body. You slice the bog body!!
Khufu the Undying Pharaoh comes into view.
You block the bog body's attack. ๐Ÿ˜• HP[+1]
You hit the bog body.
You destroy the bog body!
Margery the Dragonslayer comes into view.
She is wielding a +2 great sword.
You now have 181 max hp (+1).
As you read the scroll of fog, it crumbles to dust.
The scroll dissolves into smoke.
You completely miss the mummy. ๐Ÿ˜• HP[+1]
You hit the mummy but do no damage. You slice the mummy!!
You destroy the mummy!
You can now pass through a line of other dancers.
You block Khufu's attack.
You see here a bog body corpse.
You slash Khufu! You block Khufu's attack. ๐Ÿ˜• HP[+1]
You hit Khufu.
Donald the Adventurer comes into view.
He is wielding a +0 broad axe and wearing a +0 kite shield of reflection.
Khufu calls on the powers of darkness!
Your body is wracked with pain!
Donald convulses! ๐Ÿ˜ฎ HP[-75]
You take 75 damage, and now have 96/181 hp.
MASSIVE DAMAGE!! (PAUSE)
You slash Khufu! You slice Khufu!!
You hear a shout! x3
Khufu says, "This hit and run is way beneath me."
You block Khufu's attack.
You slash Khufu! ๐Ÿ˜ฎ HP[+1]
You hit Khufu. You block Khufu's attack.
Margery points at you and mumbles some strange words.
The bolt of fire hits you!!!
* * * LOW HITPOINT WARNING * * *
The bolt of fire hits Khufu!!!
The bolt of fire hits Donald!!!
You hear a shout! x2 ๐Ÿ˜ฑ HP[-69]
You take 69 damage, and now have 28/181 hp.
MASSIVE DAMAGE!! (PAUSE) Read: 5 scrolls of fear
Press: ? - help, Q - select action, (/) - cycle Dir - look around, f - activate
As you read the scroll of fear, it crumbles to dust.
You assume a fearsome visage.
Margery resists with some effort.
Khufu is unaffected.
The mummy is unaffected.
Donald easily resists.
Donald gestures wildly while chanting.
Donald seems to speed up.
You block Khufu's attack.
Margery says, "Die!"
Margery casts a spell at you. The bolt of fire hits you!!!
You die...

Skill      XL: |  1  2  3  4  5  6  7  8  9 10 11 12 13 14 15 16 17 18 19 20 21 22 |
---------------+-------------------------------------------------------------------+-----
Axes           | 3 4 5 7 8 10 11 12 13 14 15 16 18 | 18.0
Fighting       | 4 5 6 8 10 11 12 13 15 16 17 | 17.4
Armour         | 4 5 6 7 9 10 11 12 13 14 16 17 | 17.8
Shields        | 4 5 7 8 10 11 13 15 16 17 | 17.2
Invocations    | 4 7 9 10 12 13 15 16 | 16.4
Dodging        | 3 4 5 6 8 9 10 11 12 | 12.2
Throwing       | 2 3 |  3.5
Evocations     | 3 5 6 |  6.1
Hexes          | 2 5 7 8 10 | 10.6
Spellcasting   | 5 8 11 12 | 12.4
Earth Magic    | 1 6 8 |  8.9
Fire Magic     | 3 7 8 |  8.9

Action                   |  1- 3 |  4- 6 |  7- 9 | 10-12 | 13-15 | 16-18 | 19-21 | 22-24 || total
-------------------------+-------+-------+-------+-------+-------+-------+-------+-------++-------
Melee: War axe           |    83 |       |       |       |       |       |       |       ||    83
       Hand axe          |     1 |   164 |   267 |   695 |    31 |       |   399 |   295 ||  1852
       Broad axe         |       |       |       |       |   843 |  1058 |   780 |       ||  2681
       Mace              |       |       |       |       |    48 |       |    27 |       ||    75
       Unarmed           |       |       |       |       |     3 |       |       |       ||     3
Throw: Dart              |       |     5 |    13 |    26 |    18 |     6 |       |       ||    68
       Stone             |       |       |     1 |     6 |       |       |       |       ||     7
       Boomerang         |       |       |       |       |     7 |       |       |       ||     7
       Javelin           |       |       |       |       |     3 |       |       |       ||     3
Invok: Line Pass         |       |       |       |     9 |     3 |     3 |       |       ||    15
       Stomp             |       |       |       |       |     2 |     5 |     3 |       ||    10
       Grand Finale      |       |       |       |       |     1 |     3 |     3 |       ||     7
Evoke: Wand              |       |       |       |     2 |     5 |     9 |       |       ||    16
       Lightning rod     |       |       |       |       |       |     4 |       |       ||     4
  Use: Scroll            |       |       |     6 |     8 |    12 |    26 |     7 |     2 ||    61
       Potion            |       |       |       |     2 |     1 |    14 |     1 |       ||    18
 Stab: Paralysed         |       |       |       |    42 |   100 |   149 |   219 |    34 ||   544
       Confused          |       |       |       |     3 |     4 |       |       |       ||     7
       Petrified         |       |       |       |       |     4 |       |       |       ||     4
       Invisible         |       |       |       |       |       |     4 |       |       ||     4
Armor: Scale mail        |    42 |     1 |       |       |       |       |       |       ||    43
       Chain mail        |       |    67 |    12 |       |       |   439 |   368 |    45 ||   931
       Plate armour      |       |       |   179 |    85 |   454 |       |       |       ||   718
       Pearl dragon scal |       |       |       |   261 |    23 |       |       |       ||   284
       Skin              |       |       |       |     4 |       |       |       |       ||     4
       Ice dragon scales |       |       |       |       |    56 |    17 |       |       ||    73
       Leather armour    |       |       |       |       |       |     6 |       |       ||     6
Dodge: Dodged            |    47 |    46 |   100 |   319 |   365 |   296 |   198 |    29 ||  1400
Block: Buckler           |    16 |    29 |    44 |   108 |       |       |       |       ||   197
       Kite shield       |       |       |       |    44 |   453 |   225 |       |       ||   722
       Tower shield      |       |       |       |       |       |   592 |   936 |   156 ||  1684

Levels and vault maps discovered:
D:1:      heliophobic_arrival_battle_scene, layout_loops_ring, minmay_cupped
D:2:      layout_loops_ring, basic_altar, shapermc_ecumenical_altar_petra,
          nicolae_wormholes
D:3:      layout_loops_cross
D:4:      layout_loops_ring, serial_shops, shop
D:5:      layout_loops_corners, gup_sewer_entry_glass, ebering_ghost_sewer_d,
          minivault_19, eino_small_chamber_without_monster
D:6:      layout_loops_corners, grunt_temple_overflow_growth_and_decay,
          uniq_edmund, uniq_blork_the_orc, uniq_sigmund
D:7:      layout_gridville, minmay_temple_entry_from_below_a,
          lemuel_flame_loot_1
D:8:      layout_rooms, mainiacjoe_overflow_swirl, enter_bailey_7
D:9:      layout_loops_corners, serial_shops, nicolae_take_the_stairs,
          hellmonk_ghost_big_iron, uniq_psyche
D:10:     layout_gridville, jmf_multi_god_temple, chequers_jeans
D:11:     layout_loops_cross, erik_lair_island, serial_bayou,
          serial_bayou_pond_a, serial_bayou_shore_a, serial_bayou_lake_a,
          serial_bayou_crossing, serial_bayou_pond_b, serial_bayou_pond_e,
          okawaru_ov_weapons_minmay, uniq_erica
D:12:     layout_basic, david_orc_3, gammafunk_ghost_grave
D:13:     layout_roguey, david_vaults_4, kennysheep_orc_sif_temple, uniq_kirke
D:14:     layout_roguey, nicolae_qazlal_eye_of_the_storm,
          nicolae_ru_path_of_blood
D:15:     grunt_enter_depths_hoard, layout_irregular_city
Temple:   lightli_temple_of_artemis
Lair:1:   layout_cave_pods, infiniplex_staircase_pool_2, grunt_megastairs_5,
          uniq_grum
Lair:2:   layout_cellular_growth, elwin_shoals_entry_rocks,
          nicolae_quartered_pool_impasse, uniq_gastronok, uniq_fannar
Lair:3:   layout_roguey, guppyfry_snake_entry_island,
          hellmonk_ghost_happy_afterlife, lemuel_fruit_tree
Lair:4:   layout_gridlike
Lair:5:   layout_gridlike, grunt_forest_small_clearings
Lair:6:   cheibrodos_lair_end_hotspot, layout_hall_layers,
          minmay_slime_entry_jelly_boxes
Shoals:1: layout_shoals, serial_shops, nicolae_shop_window_shopping,
          nicolae_shop_behind_doors, nicolae_shop_waterfront
Shoals:2: layout_shoals, regret_index_shoals_crete
Shoals:3: layout_shoals, gammafunk_ghost_berserking_beasts, serial_shops, shop,
          nicolae_shop_crystal, nicolae_shop_statue_plus, shop,
          nicolae_shop_statue_plus
Shoals:4: shoals_end_hangedman, layout_shoals, shoal_ilsuiw, serial_shops,
          bzr_firewalk, nicolae_shoals_loop_pool
Snake:1:  layout_honeycomb, nicolae_snake_round_shape_thing,
          nicolae_snake_springs, uniq_mlioglotl
Snake:2:  layout_basic, uniq_agnes
Snake:3:  layout_grid_maze, gammafunk_ghost_wrathful_warriors,
          nicolae_shop_self_help, minmay_shop_star, uniq_aizul
Snake:4:  grunt_snake_rune_serpentine_throne, layout_onion, serial_shops,
          shop_statue, shop
Slime:1:  layout_caves
Slime:2:  layout_caves
Slime:3:  layout_caves
Slime:4:  layout_caves, cheibrodos_slime_lost_civilization_5
Slime:5
Orc:1:    layout_diamond_mine, basic_altar
Orc:2:    grunt_orc_cross, layout_caves, uniq_snorg, uniq_rupert
Vaults:1: v_misc_9, v_rooms_4, nicolae_vaults_murderbox, vaults_room_boxed,
          nicolae_vaults_mini_display_case, vaults_room_large_hall,
          nicolae_vaults_what_the_h, hangedman_vaults_stagger,
          nicolae_vaults_little_ls, ontoclasm_vaults_tryst,
          nicolae_vaults_little_squares_3, layout_vaults_ring
Vaults:2: vaults_mumra_hex, minmay_crypt_entry_skeletal_spiral,
          nicolae_vaults_little_squares_1, nicolae_vaults_little_squares_1,
          ontoclasm_vaults_ligature, nicolae_vaults_specimen_jars, v_misc_14,
          nicolae_vaults_network_s, vaults_mumra_lcd, v_alt_pattern_5,
          nicolae_vaults_alarming, vaults_room_door_hall, layout_vaults_big_room
Vaults:3: portal_desolation_entry_salt, st_greater_box_3, vaults_mumra_hexcomb,
          nicolae_vaults_yaktaur_gun_rack, vaults_room_ringed_pool,
          nicolae_vaults_circle_grid_a, v_misc_29,
          nicolae_vaults_stairing_the_circle, v_rooms_5, vaults_room_pools,
          hangedman_vaults_maws, hangedman_vaults_impose, layout_vaults_omnibox,
          uniq_bai_suzhen
Vaults:4: v_alt_pattern_6, v_misc_13, nicolae_vaults_little_squares_3,
          nicolae_vaults_quadrants, v_pattern_3,
          nicolae_vaults_little_squares_1, v_misc_2, hangedman_vaults_unwind,
          v_misc_3, grunt_vaults_hallway_short, ontoclasm_vaults_eye,
          vaults_dpeg_ring, ontoclasm_vaults_loading_screen,
          layout_vaults_maze_snakey
Crypt:1:  layout_catacombs, grunt_crypt_arrival_split
Crypt:2:  layout_misc_corridors, uniq_margery, uniq_mennas, uniq_khufu,
          uniq_donald

Notes
Turn   | Place    | Note
-------+----------+-------------------------------------------
     0 | D:1      | GrayStillPlays the Hill Orc Fighter began the quest for the
                  | Orb.
     0 | D:1      | Reached XP level 1. HP: 19/19 MP: 1/1
     0 | D:1      | magus.rc [v1.9.6]
   154 | D:1      | Reached XP level 2. HP: 22/27 MP: 2/2
   263 | D:1      | Reached skill level 3 in Axes
   588 | D:1      | Reached skill level 4 in Fighting
   665 | D:1      | Reached XP level 3. HP: 33/33 MP: 3/3
  1413 | D:2      | Reached XP level 4. HP: 40/40 MP: 4/4
  1662 | D:2      | Found a basalt altar of Yredelemnul.
  1735 | D:2      | Reached skill level 4 in Armour
  1792 | D:2      | Reached skill level 4 in Shields
  2050 | D:2      | Found a faded altar of an unknown god.
  2211 | D:3      | Reached skill level 4 in Axes
  2425 | D:3      | Reached XP level 5. HP: 47/47 MP: 5/5
  2498 | D:3      | Noticed a phantom
  2521 | D:3      | Killed a phantom
  2871 | D:3      | Reached skill level 5 in Fighting
  2994 | D:3      | Reached XP level 6. HP: 31/56 MP: 6/6
  3211 | D:3      | Reached skill level 5 in Axes
  3727 | D:3      | Reached skill level 5 in Armour
  4238 | D:4      | Reached XP level 7. HP: 62/62 MP: 7/7
  4406 | D:4      | Reached skill level 6 in Fighting
  4406 | D:4      | Reached skill level 6 in Axes
  4528 | D:4      | Identified the +3 plate armour of Winter {Harm rPois Will-}
  4608 | D:4      | You add the spells Blink, Manifold Assault and Storm Form
                  | to your library.
  4671 | D:4      | Found Josatiqi's Book Boutique.
  4962 | D:5      | Entered Level 5 of the Dungeon
  5024 | D:5      | Reached skill level 6 in Armour
  5041 | D:5      | Noticed a wyvern
  5048 | D:5      | Killed a wyvern
  5049 | D:5      | Reached skill level 7 in Axes
  5049 | D:5      | Reached XP level 8. HP: 55/71 MP: 8/8
  5093 | D:5      | Found a glowing drain.
  5097 | D:5      | You add the spells Gell's Gravitas, Teleport Other and
                  | Dispersal to your library.
  5123 | D:5      | Reached skill level 7 in Fighting
  5337 | Sewer    | Entered a sewer
  5458 | Sewer    | Noticed Pargi
  5474 | Sewer    | Killed Pargi
  5882 | D:5      | Found a runed translucent door.
  5886 | D:5      | Reached skill level 7 in Armour
  5897 | D:5      | Noticed Clumpoid's ghost (novice DsFi)
  6050 | D:5      | Reached skill level 8 in Axes
  6623 | D:6      | Noticed Sigmund
  6640 | D:6      | Killed Sigmund
  6641 | D:6      | Reached skill level 8 in Fighting
  6769 | D:6      | Found a blossoming altar of Fedhas.
  6771 | D:6      | Found an ancient bone altar of Kikubaaqudgha.
  6909 | D:6      | Reached XP level 9. HP: 80/82 MP: 9/9
  6979 | D:6      | Noticed a hornet
  6983 | D:6      | Killed a hornet
  6984 | D:6      | Reached skill level 9 in Axes
  6984 | D:6      | Reached skill level 8 in Armour
  7247 | D:6      | Noticed Blork the orc
  7257 | D:6      | Killed Blork the orc
  7481 | D:6      | Noticed Edmund
  7491 | D:6      | Reached skill level 9 in Fighting
  7495 | D:6      | Killed Edmund
  8179 | D:7      | Found a staircase to the Ecumenical Temple.
  8209 | D:8      | Reached skill level 10 in Axes
  8480 | D:8      | Reached skill level 9 in Armour
  8498 | D:8      | Reached skill level 10 in Fighting
  8498 | D:8      | Reached XP level 10. HP: 27/93 MP: 10/10
  8765 | D:8      | You pick up a book of Rime and begin reading...
  8765 | D:8      | You add the spells Frozen Ramparts, Ice Form and Summon Ice
                  | Beast to your library.
  9101 | Temple   | Entered the Ecumenical Temple
  9135 | Temple   | Became a worshipper of Uskayaw the Reveller
  9369 | D:8      | You pick up a book of Dangerous Friends and begin
                  | reading...
  9369 | D:8      | You add the spells Summon Guardian Golem, Orb of
                  | Destruction and Spellforged Servitor to your library.
  9399 | D:8      | Found a shadowy altar of Dithmenos.
  9423 | D:8      | Found a burning altar of Makhleb.
  9486 | D:8      | Reached * piety under Uskayaw
  9572 | D:9      | Identified +0 pearl dragon scales
  9573 | D:9      | P - +0 pearl dragon scales {rare=g}
  9608 | D:9      | Noticed a kobold demonologist
  9610 | D:9      | Noticed a kobold demonologist
  9620 | D:9      | Noticed a sixfirhy
  9628 | D:9      | HP: 19/93 [sixfirhy[a kobold demonologist] (13)]
 10066 | D:9      | Reached ** piety under Uskayaw
 10073 | D:9      | Reached *** piety under Uskayaw
 10076 | D:9      | Reached skill level 1 in Invocations
 10077 | D:9      | Reached **** piety under Uskayaw
 10080 | D:9      | Reached skill level 11 in Axes
 10085 | D:9      | Reached skill level 1 in Dodging
 10090 | D:9      | Reached ***** piety under Uskayaw
 10091 | D:9      | Reached skill level 2 in Invocations
 10453 | D:9      | Noticed Psyche
 10489 | D:9      | Killed Psyche
 10708 | D:9      | Noticed a two-headed ogre
 10720 | D:9      | Killed a two-headed ogre
 10721 | D:9      | Reached skill level 10 in Armour
 10721 | D:9      | Reached skill level 2 in Dodging
 10721 | D:9      | Reached skill level 3 in Invocations
 10851 | D:9      | You finish putting on your +0 pearl dragon scales {rare=g}.
 10976 | D:9      | Found Qalow's Antique Armour Emporium.
 10998 | D:9      | Killed a kobold demonologist
 11006 | D:9      | Noticed a rust devil
 11018 | D:9      | Killed a kobold demonologist
 11019 | D:9      | Reached skill level 11 in Fighting
 11019 | D:9      | Reached skill level 4 in Invocations
 11023 | D:9      | Found a runed translucent door.
 11174 | D:9      | Noticed danielguo94's ghost (novice GrFi)
 11734 | D:9      | Killed danielguo94's ghost
 11735 | D:9      | Reached skill level 3 in Dodging
 11735 | D:9      | Reached XP level 11. HP: 97/102 MP: 14/14
 11738 | D:9      | Reached skill level 12 in Axes
 11738 | D:9      | Reached skill level 5 in Invocations
 11761 | D:9      | You add the spells Stone Arrow and Iron Shot to your
                  | library.
 11761 | D:9      | Got Sif Muna's Catalogue of Stones
 11794 | D:10     | Entered Level 10 of the Dungeon
 11888 | D:10     | Noticed a two-headed ogre
 11900 | D:10     | Killed a two-headed ogre
 12118 | D:10     | Noticed a deep elf pyromancer
 12135 | D:10     | Killed a deep elf pyromancer
 12228 | D:10     | Found a basalt altar of Yredelemnul.
 12228 | D:10     | Found a shimmering altar of Xom.
 12548 | D:10     | Reached skill level 6 in Invocations
 13152 | D:11     | Noticed a boulder beetle
 13175 | D:11     | Killed a boulder beetle
 13176 | D:11     | Reached skill level 4 in Dodging
 13432 | D:11     | You fall into a shaft and drop 2 floors!
 13432 | D:13     | Noticed a deep elf pyromancer
 13456 | D:13     | Killed a deep elf pyromancer
 13457 | D:13     | Reached skill level 1 in Throwing
 13457 | D:13     | Reached skill level 11 in Armour
 13522 | D:13     | Noticed a manticore
 13539 | D:13     | Killed a manticore
 13586 | D:13     | Noticed a necromancer
 13591 | D:13     | Noticed a cyclops
 13600 | D:13     | Killed a necromancer
 13601 | D:13     | Reached skill level 12 in Fighting
 13688 | D:13     | Killed a cyclops
 13689 | D:13     | Reached skill level 2 in Throwing
 13689 | D:13     | Reached skill level 7 in Invocations
 13803 | D:13     | Noticed a centaur warrior
 13858 | D:13     | Noticed a centaur warrior
 13860 | D:13     | Noticed Kirke
 13994 | D:12     | Reached XP level 12. HP: 112/112 MP: 17/17
 14115 | D:11     | Found a staircase to the Lair.
 14376 | D:11     | Reached skill level 13 in Axes
 14465 | D:11     | Found an iron altar of Okawaru.
 14468 | D:11     | Noticed Erica
 14468 | D:11     | Noticed a tengu warrior
 14505 | D:11     | Killed Erica
 14524 | D:11     | HP: 25/112 [tengu warrior[a tengu conjurer] (5)]
 14531 | D:11     | HP: 13/112 [tengu warrior[a tengu conjurer] (12)]
 14534 | D:11     | Killed a tengu warrior
 14918 | D:11     | Identified the +4 mace "Dragonbane" {freeze, Int+4}
 15466 | D:11     | Reached skill level 3 in Throwing
 15474 | D:11     | Reached skill level 5 in Dodging
 15655 | D:11     | Noticed a two-headed ogre
 15664 | D:11     | Reached skill level 8 in Invocations
 15667 | D:11     | Killed a two-headed ogre
 15737 | D:11     | Noticed a tengu warrior
 15742 | D:11     | Noticed a tengu warrior
 15773 | D:11     | Killed a tengu warrior
 15775 | D:11     | Killed a tengu warrior
 16225 | D:11     | Noticed a two-headed ogre
 16238 | D:11     | Killed a two-headed ogre
 17014 | Lair:1   | Entered Level 1 of the Lair of Beasts
 17016 | Lair:1   | Noticed Grum
 17188 | D:9      | Bought a fading plate armour for 644 gold pieces
 17188 | D:9      | Identified the +4 plate armour of Indomitability {rC- rN++
                  | Stlth+} (You bought it in a shop on level 9 of the Dungeon)
 17193 | D:9      | You finish taking off your +0 pearl dragon scales {rare=g}.
 17199 | D:9      | You drop +0 pearl dragon scales {rare=g}.
 17276 | Lair:1   | Killed Grum
 17659 | Lair:1   | Reached skill level 12 in Armour
 17917 | Lair:1   | Reached skill level 13 in Fighting
 17925 | Lair:1   | Reached skill level 5 in Shields
 17925 | Lair:1   | Reached skill level 9 in Invocations
 18061 | Lair:1   | Reached XP level 13. HP: 31/122 MP: 14/19
 18061 | Lair:1   | HP: 30/122 [poisoned by a cane toad]
 18066 | Lair:1   | HP: 26/122 [poisoned by a cane toad]
 18707 | Lair:2   | Noticed Fannar
 18795 | D:9      | P - +0 pearl dragon scales {rare=g}
 18796 | D:9      | Bought a fine leather armour for 161 gold pieces
 18796 | D:9      | Identified the +1 leather armour of the Moon {rF+ Str+2}
                  | (You bought it in a shop on level 9 of the Dungeon)
 18807 | D:9      | You finish putting on your +0 pearl dragon scales {rare=g}.
 18923 | Lair:2   | Killed Fannar
 18934 | Lair:2   | You finish taking off your +0 pearl dragon scales {rare=g}.
 18969 | Lair:2   | Reached skill level 14 in Axes
 19044 | Lair:2   | Noticed Gastronok
 19044 | Lair:2   | Gastronok the Ponderous comes into view. He is wearing the
                  | +3 hat of Pondering {ponderous, Will+ MP+10 Int+5}.
 19045 | Lair:2   | Aim: Gastronok, wearing the +3 hat of Pondering {ponderous,
                  | Will+ MP+10 Int+5} (94% to hit)
 19045 | Lair:2   | Aim: Gastronok, wearing the +3 hat of Pondering {ponderous,
                  | Will+ MP+10 Int+5} (94% to hit)
 19046 | Lair:2   | Aim: Gastronok, wearing the +3 hat of Pondering {ponderous,
                  | Will+ MP+10 Int+5} (lightly wounded, very poisoned, slow,
                  | 94% to hit)
 19046 | Lair:2   | Aim: Gastronok, wearing the +3 hat of Pondering {ponderous,
                  | Will+ MP+10 Int+5} (lightly wounded, very poisoned, slow,
                  | 94% to hit)
 19047 | Lair:2   | Aim: Gastronok, wearing the +3 hat of Pondering {ponderous,
                  | Will+ MP+10 Int+5} (lightly wounded, extremely poisoned,
                  | slow, 94% to hit)
 19047 | Lair:2   | Aim: Gastronok, wearing the +3 hat of Pondering {ponderous,
                  | Will+ MP+10 Int+5} (lightly wounded, extremely poisoned,
                  | slow, 94% to hit)
 19048 | Lair:2   | Aim: Gastronok, wearing the +3 hat of Pondering {ponderous,
                  | Will+ MP+10 Int+5} (lightly wounded, extremely poisoned,
                  | slow, 94% to hit)
 19048 | Lair:2   | Aim: Gastronok, wearing the +3 hat of Pondering {ponderous,
                  | Will+ MP+10 Int+5} (lightly wounded, extremely poisoned,
                  | slow, 94% to hit)
 19049 | Lair:2   | Aim: Gastronok, wearing the +3 hat of Pondering {ponderous,
                  | Will+ MP+10 Int+5} (lightly wounded, extremely poisoned,
                  | slow, 94% to hit)
 19049 | Lair:2   | Aim: Gastronok, wearing the +3 hat of Pondering {ponderous,
                  | Will+ MP+10 Int+5} (lightly wounded, extremely poisoned,
                  | slow, 94% to hit)
 19050 | Lair:2   | Aim: Gastronok, wearing the +3 hat of Pondering {ponderous,
                  | Will+ MP+10 Int+5} (lightly wounded, extremely poisoned,
                  | slow, 94% to hit)
 19050 | Lair:2   | Aim: Gastronok, wearing the +3 hat of Pondering {ponderous,
                  | Will+ MP+10 Int+5} (lightly wounded, extremely poisoned,
                  | slow, 94% to hit)
 19051 | Lair:2   | Aim: Gastronok, wearing the +3 hat of Pondering {ponderous,
                  | Will+ MP+10 Int+5} (moderately wounded, extremely poisoned,
                  | slow, 94% to hit)
 19051 | Lair:2   | Aim: Gastronok, wearing the +3 hat of Pondering {ponderous,
                  | Will+ MP+10 Int+5} (moderately wounded, extremely poisoned,
                  | slow, 94% to hit)
 19052 | Lair:2   | Aim: Gastronok, wearing the +3 hat of Pondering {ponderous,
                  | Will+ MP+10 Int+5} (moderately wounded, extremely poisoned,
                  | slow, 94% to hit)
 19052 | Lair:2   | Aim: Gastronok, wearing the +3 hat of Pondering {ponderous,
                  | Will+ MP+10 Int+5} (moderately wounded, extremely poisoned,
                  | slow, 94% to hit)
 19053 | Lair:2   | Aim: Gastronok, wearing the +3 hat of Pondering {ponderous,
                  | Will+ MP+10 Int+5} (heavily wounded, extremely poisoned,
                  | slow, 94% to hit)
 19053 | Lair:2   | Aim: Gastronok, wearing the +3 hat of Pondering {ponderous,
                  | Will+ MP+10 Int+5} (heavily wounded, extremely poisoned,
                  | slow, 94% to hit)
 19054 | Lair:2   | Aim: Gastronok, wearing the +3 hat of Pondering {ponderous,
                  | Will+ MP+10 Int+5} (severely wounded, extremely poisoned,
                  | slow, 94% to hit)
 19054 | Lair:2   | Aim: Gastronok, wearing the +3 hat of Pondering {ponderous,
                  | Will+ MP+10 Int+5} (severely wounded, extremely poisoned,
                  | slow, 94% to hit)
 19055 | Lair:2   | Aim: Gastronok, wearing the +3 hat of Pondering {ponderous,
                  | Will+ MP+10 Int+5} (severely wounded, very poisoned, slow,
                  | 94% to hit)
 19055 | Lair:2   | Aim: Gastronok, wearing the +3 hat of Pondering {ponderous,
                  | Will+ MP+10 Int+5} (severely wounded, very poisoned, slow,
                  | 94% to hit)
 19056 | Lair:2   | Aim: Gastronok, wearing the +3 hat of Pondering {ponderous,
                  | Will+ MP+10 Int+5} (severely wounded, very poisoned, slow,
                  | 94% to hit)
 19056 | Lair:2   | Aim: Gastronok, wearing the +3 hat of Pondering {ponderous,
                  | Will+ MP+10 Int+5} (severely wounded, very poisoned, slow,
                  | 94% to hit)
 19057 | Lair:2   | Aim: Gastronok, wearing the +3 hat of Pondering {ponderous,
                  | Will+ MP+10 Int+5} (almost dead, very poisoned, slow, 94%
                  | to hit)
 19057 | Lair:2   | Aim: Gastronok, wearing the +3 hat of Pondering {ponderous,
                  | Will+ MP+10 Int+5} (almost dead, very poisoned, slow, 94%
                  | to hit)
 19058 | Lair:2   | Aim: Gastronok, wearing the +3 hat of Pondering {ponderous,
                  | Will+ MP+10 Int+5} (almost dead, paralysed, very poisoned,
                  | 98% to hit)
 19058 | Lair:2   | Aim: Gastronok, wearing the +3 hat of Pondering {ponderous,
                  | Will+ MP+10 Int+5} (almost dead, paralysed, very poisoned,
                  | 98% to hit)
 19058 | Lair:2   | Killed Gastronok
 19059 | Lair:2   | Reached skill level 6 in Dodging
 19353 | Lair:2   | Found a staircase to the Shoals.
 19831 | Lair:3   | Reached skill level 1 in Evocations
 19941 | Lair:3   | Found a staircase to the Snake Pit.
 19947 | Lair:3   | Reached skill level 6 in Shields
 20222 | Lair:3   | Noticed Feulaj's ghost (journeyman MiBe)
 20225 | Lair:3   | Found a runed translucent door.
 20509 | Lair:3   | Killed Feulaj's ghost
 20701 | Lair:4   | Reached skill level 2 in Evocations
 20857 | Lair:4   | Reached skill level 10 in Invocations
 21061 | Lair:4   | You pick up a book of the Hunter and begin reading...
 21061 | Lair:4   | You add the spells Call Canine Familiar, Portal Projectile
                  | and Leda's Liquefaction to your library.
 21704 | Lair:5   | Reached skill level 3 in Evocations
 21856 | Lair:5   | You pick up a book of Rime and begin reading...
 22082 | Lair:5   | Reached skill level 7 in Shields
 22124 | Lair:5   | Reached XP level 14. HP: 100/129 MP: 16/22
 22128 | Lair:5   | Reached ****** piety under Uskayaw
 22132 | Lair:5   | Reached skill level 13 in Armour
 22246 | Lair:5   | Identified a scroll of acquirement
 22247 | Lair:5   | Acquired 944 gold pieces
 22371 | Lair:5   | Reached skill level 7 in Dodging
 22426 | Lair:5   | Reached skill level 11 in Invocations
 22435 | Lair:5   | Reached skill level 4 in Evocations
 22597 | Lair:6   | Entered Level 6 of the Lair of Beasts
 22710 | Lair:6   | Reached skill level 15 in Axes
 23154 | Lair:6   | Found a staircase to the Slime Pits.
 23508 | Lair:6   | Reached skill level 8 in Shields
 23535 | Lair:6   | Found a large runed translucent door.
 23617 | Lair:6   | Reached skill level 5 in Evocations
 23846 | Lair:6   | You pick up a book of Air and begin reading...
 23846 | Lair:6   | You add the spells Shock, Swiftness and Airstrike to your
                  | library.
 23952 | Lair:6   | Learned a level 3 spell: Swiftness
 23955 | Lair:6   | Learned a level 2 spell: Blink
 23960 | Lair:6   | Learned a level 4 spell: Leda's Liquefaction
 24047 | Lair:6   | Found a large runed translucent door.
 24762 | D:12     | Reached skill level 1 in Hexes
 24770 | D:12     | Found a staircase to the Orcish Mines.
 24832 | D:12     | Reached skill level 12 in Invocations
 25153 | D:12     | Found a runed translucent door.
 25156 | D:12     | Noticed Uwkeq's ghost (journeyman MiFi)
 25198 | D:12     | Killed Uwkeq's ghost
 25627 | D:12     | Reached skill level 2 in Hexes
 26209 | D:13     | Found a gate to the Vaults.
 26496 | D:12     | You finish putting on your +0 pearl dragon scales {rare=g}.
 26517 | D:13     | You finish taking off your +0 pearl dragon scales {rare=g}.
 26733 | D:13     | Reached skill level 8 in Dodging
 26733 | D:13     | Reached XP level 15. HP: 136/136 MP: 24/24
 26865 | D:13     | Killed Kirke
 27119 | D:13     | Found a shimmering blue altar of Sif Muna.
 27375 | D:14     | Reached skill level 9 in Shields
 27375 | D:14     | Reached skill level 3 in Hexes
 27511 | D:14     | Found a stormy altar of Qazlal.
 27662 | D:14     | Reached skill level 16 in Axes
 27884 | D:14     | Reached skill level 14 in Armour
 28442 | D:14     | Found a sacrificial altar of Ru.
 28561 | D:15     | Entered Level 15 of the Dungeon
 29402 | D:15     | Reached skill level 4 in Hexes
 29402 | D:15     | Reached skill level 13 in Invocations
 29742 | D:14     | You finish putting on your +0 pearl dragon scales {rare=g}.
 29779 | D:14     | You finish taking off your +0 pearl dragon scales {rare=g}.
 30280 | D:15     | Found a staircase to the Depths.
 30581 | Orc:1    | Entered Level 1 of the Orcish Mines
 30921 | Orc:2    | Entered Level 2 of the Orcish Mines
 30921 | Orc:2    | Noticed Snorg
 31023 | Orc:1    | Killed Snorg
 31240 | Orc:1    | Found a roughly hewn altar of Beogh.
 31266 | Orc:1    | Reached skill level 10 in Shields
 31380 | Orc:1    | You fall into a shaft and drop 1 floor!
 31500 | Orc:2    | Noticed Rupert
 31506 | Orc:2    | Reached skill level 5 in Hexes
 31506 | Orc:2    | Noticed Saint Roka
 31764 | Orc:2    | Paralysed by Rupert for 5 turns
 31776 | Orc:2    | Killed Rupert
 32694 | Orc:1    | Reached XP level 16. HP: 69/144 MP: 26/26
 33133 | Orc:2    | Killed Saint Roka
 33134 | Orc:2    | Reached skill level 1 in Spellcasting
 33396 | Orc:2    | Found a roughly hewn altar of Beogh.
 33668 | Orc:2    | Found Utim's Antique Weapon Boutique.
 33711 | Orc:2    | Found a staircase to the Elven Halls.
 33836 | Orc:2    | Found Nanae's General Store.
 33900 | Orc:2    | Found Daodgh's Antique Armour Boutique.
 34186 | Orc:2    | Found Sommofag's Book Boutique.
 34208 | Orc:2    | Bought a transparent chain mail for 332 gold pieces
 34208 | Orc:2    | Identified the +6 chain mail of the Hills {rF- Will++
                  | Slay+6} (You bought it in a shop on level 2 of the Orcish
                  | Mines)
 34223 | Orc:2    | You drop +0 pearl dragon scales {rare=g}.
 34268 | Orc:2    | Bought a glowing cloak for 262 gold pieces
 34279 | Orc:2    | Bought a runed helmet for 262 gold pieces
 34307 | Orc:2    | Bought a manual of Spellcasting for 1120 gold pieces
 34543 | D:5      | Reached skill level 17 in Axes
 34548 | D:5      | Killed Clumpoid's ghost
 34760 | Snake:1  | Entered Level 1 of the Snake Pit
 34784 | Snake:1  | Reached skill level 2 in Spellcasting
 34784 | Snake:1  | Reached skill level 14 in Invocations
 34940 | Snake:1  | Reached skill level 6 in Hexes
 35000 | Snake:1  | Reached skill level 3 in Spellcasting
 35122 | Snake:1  | Noticed Mlioglotl
 35135 | Snake:1  | Killed Mlioglotl
 35783 | Snake:1  | Reached skill level 4 in Spellcasting
 36621 | Snake:1  | Reached skill level 7 in Hexes
 37055 | Snake:2  | Noticed Agnes
 37068 | Snake:2  | Killed Agnes
 37281 | Snake:2  | Reached skill level 5 in Spellcasting
 37288 | Snake:2  | Reached skill level 15 in Invocations
 37438 | Snake:2  | Reached skill level 18 in Axes
 37749 | Snake:2  | You pick up a book of the Sky and begin reading...
 37749 | Snake:2  | You add the spells Summon Lightning Spire and Maxwell's
                  | Capacitive Coupling to your library.
 38044 | Snake:3  | Noticed Aizul
 38047 | Snake:3  | Reached skill level 1 in Earth Magic
 38047 | Snake:3  | Killed Aizul
 38137 | Snake:3  | Found a bloodstained altar of Trog.
 38138 | Snake:3  | Found a transporter.
 38138 | Snake:3  | Noticed vinnietd's ghost (adept HaFi)
 38143 | Snake:3  | Found a transporter.
 38176 | Snake:3  | Reached XP level 17. HP: 148/150 MP: 28/28
 38229 | Snake:3  | You pick up a book of Blasting and begin reading...
 38229 | Snake:3  | You add the spells Fulminant Prism, Iskenderun's Mystic
                  | Blast and Lee's Rapid Deconstruction to your library.
 38283 | Snake:3  | Identified the +1 scale mail "Hiwkokki" {rN+}
 38314 | Snake:3  | Reached skill level 6 in Spellcasting
 38516 | Snake:3  | Reached skill level 2 in Earth Magic
 38558 | Snake:3  | Acquired the +0 mask of the Dragon {Will+ Slay+3 SInv}
 38558 | Snake:3  | Found the +0 mask of the Dragon {Will+ Slay+3 SInv}
 38653 | Snake:3  | Found Lingeom's Weapon Boutique.
 38657 | Snake:3  | Found Nubil's Weapon Shop.
 38658 | Snake:3  | Found Arremmeg's Book Boutique.
 38724 | Snake:3  | Found Qutseuwo's Self-Improvement Boutique.
 39718 | Snake:3  | Reached skill level 3 in Earth Magic
 39718 | Snake:3  | Reached skill level 6 in Evocations
 39731 | Snake:3  | Killed vinnietd's ghost
 39868 | Snake:3  | Identified the amulet "Ziempao" {RegenMP rF+ rC+ rCorr}
 40122 | Slime:1  | Entered Level 1 of the Pits of Slime
 40180 | Slime:2  | Noticed an acid blob
 40197 | Slime:2  | Killed an acid blob
 40508 | Slime:2  | Reached skill level 7 in Spellcasting
 40597 | Slime:1  | Noticed an acid blob
 40753 | Slime:1  | Killed an acid blob
 40754 | Slime:1  | Reached skill level 16 in Invocations
 40821 | Slime:1  | Reached skill level 4 in Earth Magic
 41607 | Slime:3  | Reached skill level 11 in Shields
 41864 | Slime:4  | Noticed an acid blob
 41875 | Slime:3  | Killed an acid blob
 42220 | Slime:3  | You fall into a shaft and drop 1 floor!
 42220 | Slime:4  | Noticed an acid blob
 42230 | Slime:4  | Reached skill level 8 in Spellcasting
 42230 | Slime:4  | Reached skill level 5 in Earth Magic
 42230 | Slime:4  | Killed an acid blob
 42230 | Slime:4  | Noticed an acid blob
 42236 | Slime:4  | Noticed an acid blob
 42531 | Slime:4  | Killed an acid blob
 42744 | Slime:4  | Killed an acid blob
 43367 | Slime:5  | Entered Level 5 of the Pits of Slime
 43367 | Slime:5  | Noticed an acid blob
 43407 | Slime:5  | Killed an acid blob
 43409 | Slime:5  | Reached skill level 6 in Earth Magic
 43660 | Slime:5  | Gained mutation: You are dopey. (Int -2) [a shining eye]
 43666 | Slime:5  | Reached XP level 18. HP: 157/157 MP: 30/30
 43676 | Slime:5  | Reached skill level 12 in Shields
 43681 | Slime:5  | Reached skill level 9 in Spellcasting
 43889 | Slime:5  | Noticed the Royal Jelly
 44018 | Slime:5  | HP: 39/157 [rockslime (10)]
 44024 | Slime:5  | HP: 10/157 [rockslime (20)]
 44032 | Slime:4  | HP: 26/157 [acid blob/splash of acid (8)]
 44041 | Slime:4  | HP: 14/157 [acid blob/splash of acid (10)]
 44719 | Shoals:1 | Entered Level 1 of the Shoals
 44775 | Shoals:1 | Found Dybbigg's Magic Scroll Shoppe.
 44794 | Shoals:1 | Bought a scroll of fog for 30 gold pieces
 44794 | Shoals:1 | Bought a scroll of identify for 30 gold pieces
 44794 | Shoals:1 | Bought a scroll of identify for 30 gold pieces
 44794 | Shoals:1 | Bought a scroll of identify for 30 gold pieces
 44794 | Shoals:1 | Bought a scroll of identify for 30 gold pieces
 44814 | Shoals:1 | Found Oziepno's Magic Scroll Emporium.
 44817 | Shoals:1 | Bought a scroll of blinking for 127 gold pieces
 44857 | Shoals:1 | Found Ywurimpu's General Store.
 45099 | Shoals:1 | Reached skill level 7 in Earth Magic
 45218 | Shoals:1 | Bought a potion of heal wounds for 85 gold pieces
 45403 | Shoals:1 | You pick up a book of the Moon and begin reading...
 45403 | Shoals:1 | You add the spells Passage of Golubria, Silence and
                  | Lehudib's Crystal Spear to your library.
 45507 | Shoals:1 | Identified the +0 leather armour "Wiodghae" {*Slow rPois
                  | Regen+ Stlth+}
 45555 | Shoals:1 | You fall into a shaft and drop 1 floor!
 45577 | Shoals:2 | HP: 39/157 [snapping turtle (13)]
 46059 | Shoals:2 | Reached skill level 10 in Spellcasting
 46753 | Shoals:2 | Found a hide-covered altar of Uskayaw.
 47377 | Shoals:3 | Reached skill level 13 in Shields
 47388 | Shoals:3 | Found a transporter.
 47391 | Shoals:3 | Noticed Lyfunof's ghost (adept DrFE)
 47403 | Shoals:3 | Found Yclokk's Book Emporium.
 47404 | Shoals:3 | Found a transporter.
 47488 | Shoals:3 | Found Acimius's Armour Boutique.
 47491 | Shoals:3 | Found Pyhiym's Assorted Antiques.
 47527 | Shoals:3 | Reached skill level 8 in Earth Magic
 47594 | Shoals:3 | HP: 25/157 [satyr/sling bullet (17)]
 47596 | Shoals:4 | Entered Level 4 of the Shoals
 47649 | Shoals:4 | HP: 35/157 [merfolk (15)]
 48017 | Shoals:4 | Noticed Ilsuiw
 48034 | Shoals:4 | Killed Ilsuiw
 48036 | Shoals:4 | HP: 38/157 [merfolk impaler (2)]
 48047 | Shoals:4 | HP: 39/157 [drowned by a water elemental (5)]
 48328 | Shoals:4 | HP: 34/157 [alligator snapping turtle (19)]
 48447 | Shoals:4 | HP: 33/153 [merfolk aquamancer/shard of ice (20)]
 48455 | Shoals:4 | HP: 15/153 [merfolk aquamancer/shard of ice (29)]
 48460 | Shoals:3 | HP: 11/153 [dream sheep[a cyclops] (6)]
 48945 | Shoals:3 | Found Qatarch's Antique Armour Boutique.
 49206 | Shoals:2 | Reached skill level 11 in Spellcasting
 49670 | D:13     | magus.rc [v1.9.6]
 49866 | Snake:4  | Entered Level 4 of the Snake Pit
 50585 | Snake:4  | Reached skill level 9 in Dodging
 50692 | Snake:4  | Found Saenocemu's Weapon Emporium.
 50711 | Snake:4  | Found Bimott's Armour Emporium.
 51004 | Snake:4  | Reached XP level 19. HP: 162/165 MP: 34/34
 51628 | Snake:4  | Reached skill level 14 in Shields
 51990 | Snake:4  | Reached skill level 15 in Armour
 52706 | Snake:4  | Reached skill level 14 in Fighting
 52907 | Snake:4  | Got a serpentine rune of Zot
 53742 | Vaults:1 | Entered Level 1 of the Vaults
 54414 | Vaults:1 | magus.rc [v1.9.6]
 54434 | Vaults:1 | You pick up a book of Transfigurations {@e2} and begin
                  | reading...
 54434 | Vaults:1 | You add the spells Irradiate, Blade Hands and Dragon Form
                  | to your library.
 54995 | Vaults:1 | Reached skill level 10 in Dodging
 55574 | Vaults:1 | Reached skill level 15 in Shields
 55748 | Vaults:1 | Reached skill level 15 in Fighting
 55951 | Vaults:1 | Reached skill level 16 in Armour
 55979 | Vaults:1 | Reached XP level 20. HP: 178/178 MP: 35/35
 56559 | Vaults:2 | You pick up a book of Party Tricks and begin reading...
 56559 | Vaults:2 | You add the spells Apportation and Alistair's Intoxication
                  | to your library.
 56987 | Vaults:2 | Reached skill level 11 in Dodging
 56989 | Vaults:2 | Found a staircase to the Crypt.
 57257 | Vaults:2 | You pick up a book of Alchemy and begin reading...
 57257 | Vaults:2 | You add the spells Sublimation of Blood and Petrify to your
                  | library.
 57276 | Vaults:2 | You pick up a book of Fire and begin reading...
 57276 | Vaults:2 | You add the spells Fireball, Starburst and Ignition to your
                  | library.
 57340 | Vaults:2 | Learned a level 5 spell: Fireball
 57448 | Vaults:2 | Reached skill level 16 in Fighting
 57460 | Vaults:2 | Reached skill level 16 in Shields
 57673 | Vaults:2 | Reached skill level 1 in Fire Magic
 57984 | Vaults:2 | You pick up a book of Decay and begin reading...
 57984 | Vaults:2 | You add the spells Corpse Rot, Dispel Undead and Death
                  | Channel to your library.
 58195 | Vaults:3 | Reached skill level 2 in Fire Magic
 58634 | Vaults:3 | Reached skill level 17 in Armour
 58634 | Vaults:3 | Reached skill level 3 in Fire Magic
 58704 | Vaults:3 | Reached XP level 21. HP: 102/189 MP: 28/36
 58769 | Vaults:3 | Reached skill level 4 in Fire Magic
 59428 | Vaults:3 | Identified the +10 hand axe "Ikeug" {speed, Fly rPois rC+}
 59875 | Vaults:3 | Noticed Bai Suzhen
 59985 | Vaults:3 | Killed Bai Suzhen
 59992 | Vaults:3 | Reached skill level 5 in Fire Magic
 60491 | Vaults:3 | Paralysed by a floating eye for 2 turns
 60501 | Vaults:3 | Paralysed by a floating eye for 2 turns
 61263 | Vaults:3 | Reached skill level 17 in Fighting
 61387 | Vaults:3 | Found the +3 crown of Dyrovepreva {rElec Int+2 SInv}
 61427 | Vaults:3 | You pick up a book of Armaments and begin reading...
 61595 | Vaults:3 | You pick up a book of Death and begin reading...
 61595 | Vaults:3 | You add the spells Animate Dead, Haunt and Infestation to
                  | your library.
 61747 | Vaults:4 | Reached skill level 12 in Dodging
 62017 | Vaults:4 | Reached skill level 6 in Fire Magic
 62028 | Vaults:4 | Reached skill level 17 in Shields
 62979 | Vaults:4 | You pick up a book of Debilitation and begin reading...
 62979 | Vaults:4 | You add the spells Slow, Vampiric Draining and Confusing
                  | Touch to your library.
 63082 | Vaults:4 | Acquired a manual of Hexes
 63084 | Vaults:4 | Acquired a manual of Spellcasting
 63086 | Vaults:4 | Acquired 830 gold pieces
 63322 | Vaults:4 | Reached skill level 8 in Hexes
 63322 | Vaults:4 | Reached skill level 7 in Fire Magic
 63390 | Vaults:4 | Reached XP level 22. HP: 174/200 MP: 37/37
 63443 | Vaults:4 | Reached skill level 9 in Hexes
 63752 | Vaults:4 | +0 shadow dragon scales {rare}; a shadow dragon corpse
 63752 | Vaults:4 | d - +0 shadow dragon scales {rare}
 63753 | Vaults:4 | You drop +0 shadow dragon scales {rare}.
 64153 | Vaults:4 | Reached skill level 8 in Fire Magic
 64596 | Crypt:1  | Entered Level 1 of the Crypt
 64665 | Crypt:1  | Reached skill level 12 in Spellcasting
 65082 | Crypt:1  | Reached skill level 10 in Hexes
 65405 | Crypt:1  | Noticed a curse skull
 65415 | Crypt:1  | Killed a curse skull
 66311 | Crypt:2  | Noticed Khufu
 66312 | Crypt:2  | Noticed Margery
 66319 | Crypt:2  | Noticed Donald
 66323 | Crypt:2  | HP: 28/181 [Margery/bolt of fire (69)]
 66324 | Crypt:2  | Killed from afar by Margery

Vanquished Creatures
  Bai Suzhen (Vaults:3)
  Saint Roka (Orc:2)
  Rupert (Orc:2)
  Mlioglotl (Snake:1)
  10 acid blobs
  The ghost of vinnietd the Tortoise, an adept HaFi of Trog (Snake:3)
  3 sphinxes
  Agnes (Snake:2)
  Kirke (D:13)
  Gastronok (Lair:2)
  Ilsuiw (Shoals:4)
  A shadow dragon (Vaults:4)
  A revenant (Crypt:1)
  4 nagarajas (Snake:4)
  2 rockslimes
  5 azure jellies
  A fire giant (Vaults:3)
  3 orc warlords
  A deep elf sorcerer (Vaults:4)
  An iron dragon (Vaults:3)
  19 vault wardens
  Aizul (Snake:3)
  A curse skull (Crypt:1)
  3 ghouls (Crypt:2)
  2 war gargoyles (Vaults:4)
  A vampire knight (Crypt:2)
  8 ironbound thunderhulks
  5 very ugly things
  8 quicksilver oozes
  20 ironbound preservers
  2 stone giants (Vaults:3)
  3 entropy weavers
  A deep elf demonologist (Vaults:3)
  8 dire elephants
  The ghost of Feulaj the Severer, a journeyman MiBe of Trog (Lair:3)
  A minotaur (Shoals:2)
  A deep elf death mage (Vaults:4)
  2 merfolk javelineers
  2 ettins (Vaults:3)
  Snorg (Orc:1)
  An eidolon (Crypt:2)
  2 fire dragons
  A jiangshi (Crypt:1)
  3 merfolk impalers (Shoals:4)
  A crystal guardian (Vaults:4)
  13 vault guards
  9 great orbs of eyes
  The ghost of Uwkeq the Cleaver, a journeyman MiFi (D:12)
  10 yaktaur captains
  Fannar (Lair:2)
  19 naga warriors
  Erica (D:11)
  2 catoblepae
  3 salamander tyrants (Snake:4)
  A spriggan skeleton (Crypt:1)
  2 ice dragons
  2 satyrs
  A merfolk aquamancer (Shoals:4)
  19 centaur warriors
  3 boulder beetles
  6 hydras
  An ogre mage (Orc:1)
  2 peacekeepers (Vaults:4)
  11 two-headed ogres
  13 anacondas
  A death knight (Crypt:1)
  8 ironbound frosthearts
  2 alligator snapping turtles
  3 death yaks (Lair:5)
  5 tengu warriors
  2 vampire magi (Crypt:1)
  2 orc high priests
  6 shock serpents
  3 soul eaters
  11 naga sharpshooters
  The ghost of danielguo94 the Basher, a novice GrFi of the Shining One (D:9)
  15 skeletal warriors
  2 salamander mystics
  10 sea snakes
  6 naga ritualists
  A flayed ghost (Crypt:1)
  57 deep trolls
  A bog body (Crypt:2)
  A golden dragon skeleton (Vaults:2)
  12 lindwurms
  4 necromancers
  2 phantasmal warriors (Vaults:3)
  11 orc knights
  17 ironbound convokers
  8 mana vipers
  6 deep elf pyromancers
  7 wizards
  11 harpies
  8 cyclopes
  A shadow dragon skeleton (Vaults:2)
  8 orc sorcerers
  3 shining eyes
  20 ugly things
  9 fauns
  A stone giant zombie (Crypt:1)
  13 salamanders
  3 merfolk sirens
  A moth of wrath (shapeshifter) (Vaults:3)
  A dire elephant zombie (Crypt:1)
  6 manticores
  35 black mambas
  11 elephants
  2 frost giant skeletons (Vaults:2)
  3 molten gargoyles (Lair:6)
  2 moths of wrath (Snake:3)
  An eye of devastation (Slime:5)
  2 water nymphs
  19 naga magi
  An alligator snapping turtle zombie (Crypt:1)
  8 guardian serpents
  19 vault sentinels
  A cane toad (shapeshifter) (D:15)
  Psyche (D:9)
  The ghost of Clumpoid the Poker, a novice DsFi of Cheibriados (D:5)
  A dire elephant skeleton (Crypt:2)
  2 kobold demonologists (D:9)
  14 cane toads
  2 efreet (D:15)
  An unseen horror (D:11)
  10 komodo dragons
  41 yaktaurs
  A rime drake (Lair:2)
  A tengu conjurer (D:11)
  12 trolls
  12 merfolk
  A wind drake (Shoals:1)
  2 harpy zombies (Crypt:1)
  6 meliai
  2 polar bears
  A yaktaur skeleton (Vaults:2)
  A wolf spider simulacrum (D:14)
  A hornet (D:6)
  A merfolk zombie (Crypt:1)
  2 saltlings (Vaults:3)
  8 blink frogs
  6 snapping turtles
  102 slime creatures
  A meliai zombie (D:11)
  2 human skeletons (Vaults:2)
  13 dream sheep
  An elf skeleton (Vaults:2)
  Sigmund (D:6)
  A jumping spider (Vaults:3)
  A spriggan (shapeshifter) (D:14)
  3 vampires
  A culicivora (Vaults:3)
  A yak (shapeshifter) (D:14)
  A ynoxinul (D:9)
  43 yaks
  10 wyverns
  A naga simulacrum (Crypt:1)
  7 basilisks
  5 water elementals
  4 wraiths
  4 hogs
  An alligator snapping turtle simulacrum (Crypt:1)
  2 redbacks
  2 steam dragons (Lair:6)
  Grum (Lair:1)
  A warg (D:12)
  42 nagas
  An acid dragon (D:10)
  A minotaur simulacrum (Crypt:1)
  13 water moccasins
  Edmund (D:6)
  A harpy simulacrum (Crypt:1)
  4 hell hounds (Lair:6)
  A two-headed ogre skeleton (Crypt:1)
  A floating eye (Vaults:3)
  A sky beast (D:6)
  Pargi (Sewer)
  A hornet zombie (Crypt:1)
  30 orc warriors
  A black bear (Lair:1)
  A necrophage (D:6)
  10 ogres
  A black mamba simulacrum (Crypt:1)
  14 wolves
  5 boggarts (D:15)
  A hog zombie (Crypt:1)
  9 centaurs
  A phantom (D:3)
  A kobold brigand (D:9)
  Blork the orc (D:6)
  14 bullfrogs
  A water moccasin zombie (D:5)
  3 gnoll sergeants
  A wyvern zombie (Crypt:1)
  4 scorpions
  A palentonga skeleton (Crypt:2)
  2 water moccasin skeletons
  11 killer bees
  A yak skeleton (Crypt:1)
  8 electric eels (D:11)
  7 howler monkeys
  4 lava snakes (Lair:6)
  5 centaur zombies
  8 hounds
  A basilisk zombie (Crypt:1)
  20 orc priests
  A bullfrog skeleton (D:6)
  3 centaur skeletons
  A gnoll shaman (D:7)
  13 jellies
  An iguana (D:5)
  25 orc wizards
  A dwarf skeleton (Crypt:1)
  A mummy (Crypt:2)
  A howler monkey zombie (D:10)
  12 adders
  20 gnolls
  An ufetubus (D:7)
  5 worms (D:2)
  71 orcs
  8 ball pythons
  A bat zombie (Crypt:1)
  8 endoplasms
  8 giant cockroaches
  6 goblins
  8 hobgoblins
  5 jackals
  13 kobolds
  3 quokkas
  5 bats
  10 frilled lizards
  2 rats
1458 creatures vanquished.

Vanquished Creatures (others)
  A wizard (Vaults:2)
  A water elemental (Shoals:4)
  An ogre (shapeshifter) (Vaults:4)
  28 fungi
  170 plants
  10 tentacles
211 creatures vanquished.

Grand Total: 1669 creatures vanquished

Table legend:
 A = Non-vault XP
 B = Vault XP
 C = Vault XP percentage of total XP
 D = Non-vault monster count
 E = Vault monster count
 F = Vault count percentage of total count
                 A         B        C        D         E       F
            +---------+---------+-------+---------+---------+-------
      Total |  381482 |  250937 |  39.7 |    1019 |     439 |  30.1
            +---------+---------+-------+---------+---------+-------
        D:1 |      43 |       5 |  10.4 |      24 |       4 |  14.3
        D:2 |      78 |      10 |  11.4 |      23 |       2 |   8.0
        D:3 |     387 |       0 |   0.0 |      32 |       0 |   0.0
        D:4 |     398 |       0 |   0.0 |      12 |       0 |   0.0
        D:5 |     914 |     540 |  37.1 |      19 |       8 |  29.6
        D:6 |     809 |     484 |  37.4 |      11 |       3 |  21.4
        D:7 |     726 |       0 |   0.0 |      20 |       0 |   0.0
        D:8 |     966 |      56 |   5.5 |      24 |       4 |  14.3
        D:9 |    3521 |    1390 |  28.3 |      24 |       3 |  11.1
       D:10 |    3561 |     382 |   9.7 |      14 |       2 |  12.5
       D:11 |    5813 |    4749 |  45.0 |      27 |      16 |  37.2
       D:12 |    6609 |    1350 |  17.0 |      25 |       7 |  21.9
       D:13 |    9713 |    4689 |  32.6 |      24 |      12 |  33.3
       D:14 |    9140 |    1788 |  16.4 |      18 |       2 |  10.0
       D:15 |   10683 |       0 |   0.0 |      32 |       0 |   0.0
     Lair:1 |    3841 |     653 |  14.5 |      16 |       3 |  15.8
     Lair:2 |    1077 |    2350 |  68.6 |       6 |       2 |  25.0
     Lair:3 |    3013 |    1143 |  27.5 |      10 |       2 |  16.7
     Lair:4 |    7967 |       0 |   0.0 |      23 |       0 |   0.0
     Lair:5 |    9834 |       0 |   0.0 |      34 |       0 |   0.0
     Lair:6 |    9344 |    9653 |  50.8 |      33 |      41 |  55.4
   Shoals:1 |    9379 |       0 |   0.0 |      19 |       0 |   0.0
   Shoals:2 |    8389 |    5655 |  40.3 |      19 |      12 |  38.7
   Shoals:3 |   10283 |       0 |   0.0 |      23 |       0 |   0.0
   Shoals:4 |    5050 |    6139 |  54.9 |      10 |       8 |  44.4
    Snake:1 |   20686 |    6334 |  23.4 |      44 |       8 |  15.4
    Snake:2 |   10135 |    1499 |  12.9 |      20 |       1 |   4.8
    Snake:3 |   14341 |    8116 |  36.1 |      26 |      14 |  35.0
    Snake:4 |   20731 |   23969 |  53.6 |      46 |      31 |  40.3
    Slime:1 |    4068 |       0 |   0.0 |       5 |       0 |   0.0
    Slime:2 |    7741 |       0 |   0.0 |       8 |       0 |   0.0
    Slime:3 |   10666 |       0 |   0.0 |      22 |       0 |   0.0
    Slime:4 |   19628 |       0 |   0.0 |      40 |       0 |   0.0
    Slime:5 |    9399 |    5120 |  35.3 |      16 |       4 |  20.0
      Orc:1 |    8698 |    1528 |  14.9 |      52 |       2 |   3.7
      Orc:2 |    2074 |   11027 |  84.2 |      11 |      36 |  76.6
   Vaults:1 |   32915 |   31115 |  48.6 |      51 |      46 |  47.4
   Vaults:2 |   17263 |   29457 |  63.1 |      28 |      45 |  61.6
   Vaults:3 |   11732 |   68010 |  85.3 |      18 |      90 |  83.3
   Vaults:4 |   47208 |   23559 |  33.3 |      67 |      25 |  27.2
    Crypt:1 |   15309 |       0 |   0.0 |      34 |       0 |   0.0
    Crypt:2 |    7350 |      18 |   0.2 |       9 |       1 |  10.0
      Sewer |       0 |     149 | 100.0 |       0 |       5 | 100.0
            +---------+---------+-------+---------+---------+-------

Illustrated notes

Table legend:
 A = Kills in this place as a percentage of kills in entire the game.
 B = Kills by you in this place as a percentage of kills by you in the entire game.
 C = Kills by friends in this place as a percentage of kills by friends in the entire game.
 D = Other kills in this place as a percentage of other kills in the entire game.
 E = Experience gained in this place as a percentage of experience gained in the entire game.
 F = Experience gained in this place divided by the number of levels of this place that you have seen.
                   A       B       C       D       E      F
               +-------+-------+-------+-------+-------+----------------------
         Total | 100.0 | 100.0 |   N/A | 100.0 | 100.0 | 14373.2
       Dungeon |  26.9 |  26.9 |   N/A |   0.0 |  10.9 | 4586.9
          Lair |  11.7 |  11.7 |   N/A |   0.0 |   7.7 | 8145.8
        Shoals |   6.2 |   6.2 |   N/A |   0.0 |   7.1 | 11223.8
     Snake Pit |  13.0 |  13.0 |   N/A |  50.0 |  16.7 | 26452.8
    Slime Pits |   6.5 |   6.5 |   N/A |   0.0 |   9.0 | 11324.4
  Orcish Mines |   6.9 |   6.9 |   N/A |   0.0 |   3.7 | 11663.5
        Vaults |  25.4 |  25.3 |   N/A |  50.0 |  41.3 | 65314.8
         Crypt |   3.0 |   3.0 |   N/A |   0.0 |   3.6 | 11338.5
         Sewer |   0.3 |   0.3 |   N/A |   0.0 |   0.0 | 149.0
               +-------+-------+-------+-------+-------+----------------------

Table legend: (Time is in decaauts)
 A = Elapsed time spent in this place.
 B = Non-inter-level travel time spent in this place.
 C = Inter-level travel time spent in this place.
 D = Time resting spent in this place.
 E = Time spent auto-exploring this place.
 F = Levels seen in this place.
 G = Mean time per level.
                   A        B        C        D        E       F      G
               +--------+--------+--------+--------+--------+-----+--------+
         Total |  65993 |  61894 |   4099 |  21134 |  23644 |  44 | 1499.8 |
       Dungeon |  24066 |  22334 |   1732 |   6264 |  11522 |  15 | 1604.4 |
        Temple |    142 |     82 |     60 |      0 |     68 |   1 |  142.0 |
          Lair |   7899 |   6792 |   1107 |    808 |   4176 |   6 | 1316.5 |
        Shoals |   4910 |   4836 |     74 |   2878 |      0 |   4 | 1227.5 |
     Snake Pit |   8736 |   8295 |    441 |   3166 |   2030 |   4 | 2184.0 |
    Slime Pits |   4477 |   4230 |    247 |   2365 |    908 |   5 |  895.4 |
  Orcish Mines |   3557 |   3395 |    162 |   1592 |    665 |   2 | 1778.5 |
        Vaults |  10362 |  10096 |    266 |   3628 |   3405 |   4 | 2590.5 |
         Crypt |   1643 |   1637 |      6 |    432 |    740 |   2 |  821.5 |
         Sewer |    195 |    195 |      0 |      0 |    130 |   1 |  195.0 |
               +--------+--------+--------+--------+--------+-----+--------+

Top non-repeatable levels by time:
    D:11: 3712 daAuts
Vaults:3: 3625 daAuts
 Snake:4: 3547 daAuts
Vaults:4: 2641 daAuts
Vaults:1: 2485 daAuts
 Snake:1: 2199 daAuts
Shoals:1: 2121 daAuts
    D:13: 2040 daAuts
  Lair:6: 1951 daAuts
     D:9: 1938 daAuts
    D:12: 1878 daAuts
     D:3: 1876 daAuts
   Orc:2: 1810 daAuts
   Orc:1: 1747 daAuts
 Snake:3: 1724 daAuts
